 Dungeon Crawl Stone Soup version 0.28.0-45-g0d030f2227 (webtiles) character file.

Game seed: 17186382811871216970

106 Icepheonix32 the Chiller (level 4, -6/32 HPs)
             Began as a Demonspawn Ice Elementalist on Apr 16, 2022.
             Mangled by a gnoll
             ... wielding a +0 flail
              (9 damage)
             ... on level 2 of the Dungeon.
             The game lasted 00:02:08 (2015 turns).

Icepheonix32 the Chiller (DsIE)                     Turns: 2015, Time: 00:02:09

Health: -6/32      AC:  3    Str:  8    XL:     4   Next: 55%
Magic:  3/7        EV: 12    Int: 19    God:
Gold:   15         SH:  0    Dex: 13    Spells: 7/8 levels left

rFire   . . .      SeeInvis .   c - +0 short sword
rCold   . . .      Faith    .   (no shield)
rNeg    . . .      Spirit   .   a - +0 robe
rPois   .          Reflect  .   f - +0 helmet
rElec   .          Harm     .   (no cloak)
rCorr   .          Rampage  .   (no gloves)
Will    .....                   (no boots)
Stlth   ++........              (no amulet)
HPRegen 0.10/turn               (no ring)
MPRegen 0.10/turn               (no ring)

@: no status effects
A: foul stench 1
a: no special abilities


You were on level 2 of the Dungeon.
You visited 1 branch of the dungeon, and saw 2 of its levels.

You collected 15 gold pieces.

Inventory:

Hand Weapons
 b - a +0 dagger
 c - a +0 short sword (weapon)
Armour
 a - a +0 robe (worn)
 f - a +0 helmet (worn)
Jewellery
 e - an amulet of reflection
Scrolls
 d - a scroll of blinking
 g - a scroll of teleportation {unknown}


   Skills:
 * Level 1.3 Fighting
 + Level 0.3 Short Blades
 * Level 1.4 Armour
 + Level 2.0 Dodging
 + Level 2.1 Stealth
 + Level 2.5 Spellcasting
 + Level 4.2 Ice Magic


You had 7 spell levels left.
You knew the following spells:

 Your Spells              Type           Power      Damage    Failure   Level
a - Freeze                Ice            72%        1d9       2%          1

Your spell library contained the following spells:

 Spells                   Type           Power      Damage    Failure   Level
 Frozen Ramparts          Ice            36%        1d5       9%          3
 Ozocubu's Armour         Ice            18%        N/A       9%          3
 Hailstorm                Conj/Ice       10%        3d5       54%         4


Dungeon Overview and Level Annotations

Branches:
Dungeon (2/15)

Altars:


Innate Abilities, Weirdness & Mutations

You may rarely emit foul miasma when damaged in melee.


Message History

Your magical contamination has completely faded away.
You are too injured to fight recklessly!
Casting: Freeze (safe; 2% risk of failure)
Confirm with . or Enter, or press ? or * to list all spells.
Okay, then.
Okay, then.
Blink to where?
Press: ? - help, Dir - move target, f - you, p - gnoll Are you sure you want to cancel this blink?
Blink to where?
Press: ? - help, Dir - move target
As you read the scroll labelled WEMAUR JEFACS, it crumbles to dust.
It was a scroll of blinking.
Unknown command.
Casting: Freeze (safe; 2% risk of failure)
Confirm with . or Enter, or press ? or * to list all spells.
Aiming: Freeze (safe; 2% risk of failure)
Press: ? - help, Shift-Dir - straight line, f - gnoll
Aim: a gnoll, wielding a +0 flail, wearing a +0 ring mail and wearing a ring of see invisible (almost dead)
You freeze the gnoll.
You kill the gnoll!
Unknown command.
Casting: Freeze (safe; 2% risk of failure)
Confirm with . or Enter, or press ? or * to list all spells.
Aiming: Freeze (safe; 2% risk of failure)
Press: ? - help, Shift-Dir - straight line, f - gnoll
Aim: a gnoll, wielding a +0 flail You freeze the gnoll.
The gnoll is moderately wounded.
The gnoll hits you with a +0 flail!
* * * LOW HITPOINT WARNING * * *
Casting: Freeze (safe; 2% risk of failure)
Confirm with . or Enter, or press ? or * to list all spells.
Aiming: Freeze (safe; 2% risk of failure)
Press: ? - help, Shift-Dir - straight line, f/p - gnoll
Aim: a gnoll, wielding a +0 flail (moderately wounded)
You freeze the gnoll.
The gnoll is severely wounded.
The gnoll hits you with a +0 flail!
You die...

###
#######.########################
...S...#.......................##
..).g.#.##...##########.#.####...
#.#..Kgg...#............#.# ####
.###..#.##....g############ #
##..#.....#Sg@....#
#..###.....K#####.#
#.##.#.#..#.## ##.# #.#
#.##...... ...# #. #.###.#.###
#..# ## # . ....#.# #..# #. ###
#.# ...# ## #.#.###..# #....<...#


You could see 2 gnolls, a ball python and a kobold.

Vanquished Creatures
  Terence (D:2)
  2 adders (D:2)
  2 gnolls (D:2)
  2 dart slugs
  7 ball pythons
  3 endoplasms (D:2)
  5 hobgoblins
  2 quokkas
  3 bats
  A frilled lizard (D:1)
  4 goblins (D:1)
  6 kobolds
  3 rats
41 creatures vanquished.

Notes
Turn   | Place    | Note
-------+----------+-------------------------------------------
     0 | D:1      | Icepheonix32 the Demonspawn Ice Elementalist began the
                  | quest for the Orb.
     0 | D:1      | Reached XP level 1. HP: 13/13 MP: 3/3
   386 | D:1      | Gained mutation: You may rarely emit foul miasma when
                  | damaged in melee. [demonic ancestry]
   386 | D:1      | Reached XP level 2. HP: 13/19 MP: 1/5
   406 | D:1      | Reached skill level 4 in Ice Magic
  1377 | D:2      | Reached XP level 3. HP: 24/25 MP: 2/6
  1448 | D:2      | Reached skill level 1 in Fighting
  1448 | D:2      | Reached skill level 1 in Armour
  1564 | D:2      | Noticed Terence
  1579 | D:2      | Killed Terence
  1580 | D:2      | Reached XP level 4. HP: 6/32 MP: 2/7
  2015 | D:2      | Mangled by a gnoll

Illustrated notes

Levels and vault maps discovered:
D:1:      psy_arrival_wood_between_worlds, layout_basic
D:2:      layout_loops_ring, uniq_terence, uniq_crazy_yiuf_cottage

Skill      XL: |  1  2  3 |
---------------+----------+-----
Ice Magic      | 4 |  4.2
Stealth        | 2 |  2.1
Fighting       | 1 |  1.3
Armour         | 1 |  1.4
Dodging        | 2 |  2.0
Short Blades   | |  0.3
Spellcasting   | |  2.5

Action                   |  1- 3 |  4- 6 || total
-------------------------+-------+-------++-------
Melee: Short sword       |    44 |     3 ||    47
       Dagger            |     1 |       ||     1
 Cast: Freeze            |    40 |    12 ||    52
  Use: Scroll            |       |     1 ||     1
 Stab: Sleeping          |     2 |       ||     2
Armor: Robe              |    11 |     1 ||    12
Dodge: Dodged            |    42 |     7 ||    49
